Map: Frozen Temple

Players

capac

  • Race: Terran Terran
  • League: Gold

mjern - Winner!

  • Race: Terran Terran
  • League: Gold

VOD

Have the link to the VOD?

Description

Time

  • Played on: May 1, 2016, 3:05 p.m.
  • Length: 15:24
Show
View Real Time Build Order
Export as new Build Order

capac Terran 

Build Orders: Reaper Expand, MMM Bio 

Get SALT Encoding   

  12  0:00  SCV  
  13  0:13  SCV  
  14  0:20  Supply Depot  
  14  0:25  SCV  
  15  0:41  SCV  
  16  0:43  Barracks  
  16  0:46  Refinery  
  16  0:53  SCV  
  17  1:11  SCV  
  18  1:23  SCV  
  19  1:32  Reaper  
  20  1:35  Orbital Command  
  20  1:47  Command Center  
  19  2:01  SCV  
  19  2:07  Factory  
  20  2:16  Refinery  
  20  2:18  Supply Depot, SCV  
  21  2:39  Marine  
  21  2:44  Barracks  
  22  2:46  SCV  
  23  3:00  Factory Reactor  
  23  3:01  Starport  
  23  3:02  SCV  
  23  3:03  Orbital Command  
  24  3:14  SCV  
  24  3:19  Barracks Reactor  
  25  3:26  SCV  
  26  3:33  Barracks Tech Lab  
  26  3:38  SCV x2  
  26  3:40  Supply Depot  
  28  3:50  SCV  
  28  3:52  SCV  
  30  3:58  Marine x2  
  30  3:59  Marine  
  30  4:02  SCV  
  34  4:04  Factory Tech Lab  
  34  4:06  Medivac x2  
  38  4:18  Marine x3  
  38  4:21  Bunker, Stimpack  
  41  4:25  Refinery  
  41  4:26  SCV x2  
  41  4:28  Supply Depot  
  43  4:34  Siege Tank  
  46  4:42  Marine x3  
  46  4:44  SCV x2  
  51  4:56  Viking x2, SCV x2  
  57  5:03  Supply Depot  
  57  5:08  SCV x2  
  57  5:09  Marine  
  57  5:10  Marine  
  61  5:20  SCV  
  62  5:24  SCV  
  62  5:28  Supply Depot  
  63  5:33  SCV  
  64  5:37  SCV  
  51  6:30  Marine x3  
  48  6:33  SCV x2  
  49  6:44  Liberator x2  
  49  6:45  SCV  
  49  6:48  Marine x3  
  49  6:49  Barracks  
  49  6:50  Barracks x2  
  52  6:57  SCV x2  
  52  6:59  Siege Tank  
  60  7:05  Marine  
  64  7:08  Command Center  
  64  7:11  Supply Depot, SCV x2  
  64  7:12  Engineering Bay  
  66  7:23  SCV x2  
  68  7:35  SCV  
  63  7:56  Marine x2  
  63  7:57  Marine  
  66  8:09  SCV x2  
  68  8:14  Barracks Reactor x3  
  68  8:16  Starport  
  68  8:20  Starport  
  68  8:21  SCV  
  68  8:23  Marine x2  
  68  8:24  Marine  
  68  8:25  Combat Shields  
  72  8:39  Missile Turret  
  72  8:46  Missile Turret  
  72  8:48  Missile Turret  
  72  8:49  Medivac x2  
  72  8:51  Terran Infantry Weapons Level 1, Siege Tank, Missile Turret  
  65  9:23  Siege Tank  
  66  9:26  Marine x3, Liberator x2  
  53  9:43  Marine x2  
  53  9:44  Marine  
  54  10:01  Marine x2  
  54  10:02  Marine  
  57  10:19  Marine x3  
  60  10:24  Orbital Command  
  60  10:37  Marine x3  
  60  10:54  Viking x2  
  60  10:55  Marine x3  
  59  11:12  Marine  
  59  11:13  Marine x2  
  62  11:22  Siege Tank  
  62  11:23  Viking, SCV x2  
  69  11:27  Missile Turret  
  69  11:58  SCV  
  69  11:59  Viking  
  51  12:11  Marine x2  
  51  12:12  Marine  
  52  12:28  SCV x2  
  52  12:29  Marine x3  
  56  12:34  Refinery  
  56  12:36  Refinery  
  57  12:40  SCV x2  
  59  12:47  Marine x3  
  62  12:53  Refinery  
  62  12:54  Viking x2  
  66  13:05  Marine x3  
  69  13:13  Barracks  
  69  13:16  Barracks  
  69  13:25  Marine  
  69  13:31  Marine  
  56  14:19  Command Center  
  56  14:22  Supply Depot  
  56  14:23  Barracks  
  56  14:24  Supply Depot, Barracks  
  56  14:45  Marine x3, SCV  
  43  15:21  Barracks Reactor x2  
Show
View Real Time Build Order
Export as new Build Order

mjern Terran - Winner!

Build Orders:  

Get SALT Encoding   

  12  0:01  SCV  
  13  0:13  SCV  
  14  0:18  Supply Depot  
  14  0:25  SCV  
  15  0:39  SCV  
  15  0:41  Barracks  
  16  0:48  Refinery  
  16  0:51  SCV  
  17  1:21  SCV  
  18  1:29  Marine  
  19  1:33  SCV  
  19  1:39  Command Center  
  20  1:49  Supply Depot  
  20  1:55  Marine  
  21  2:02  Factory  
  21  2:04  SCV  
  22  2:13  Marine  
  23  2:18  SCV  
  23  2:21  Refinery  
  23  2:41  Marine  
  24  2:47  SCV  
  25  2:52  Factory Tech Lab  
  25  2:53  Starport  
  25  2:58  Orbital Command  
  25  3:01  Marine  
  26  3:10  Orbital Command  
  26  3:14  Siege Tank  
  29  3:26  Barracks Tech Lab  
  29  3:28  Barracks Reactor  
  29  3:35  SCV  
  29  3:37  Barracks  
  29  3:38  SCV  
  31  3:46  Starport Reactor  
  31  3:47  SCV  
  32  4:02  SCV  
  33  4:04  Engineering Bay  
  33  4:05  SCV  
  33  4:08  Marine x2  
  36  4:18  Refinery, SCV x2  
  36  4:23  Medivac x2  
  42  4:26  Marine  
  42  4:27  Marine x2  
  45  4:39  Supply Depot  
  45  4:42  SCV  
  46  4:47  Barracks Tech Lab  
  46  5:00  Siege Tank, SCV  
  50  5:10  Marine x3  
  53  5:15  SCV  
  53  5:19  Supply Depot  
  53  5:20  Supply Depot  
  53  5:21  Terran Infantry Weapons Level 1  
  54  5:23  Stimpack  
  54  5:30  Supply Depot  
  54  5:35  Refinery  
  54  5:40  Marine, Medivac  
  54  5:41  SCV x2  
  52  6:15  Marine x2  
  52  6:16  Marine  
  51  6:32  Siege Tank  
  51  6:33  Marine x3  
  51  6:36  Medivac x2  
  55  6:49  Barracks  
  55  6:51  Marine  
  56  6:55  Marine  
  56  6:56  Marine  
  58  7:05  Medivac  
  58  7:06  Medivac  
  61  7:37  Marine x3  
  61  7:38  Siege Tank  
  67  7:48  Medivac x2  
  69  7:55  Marine x2  
  71  8:06  Marine  
  71  8:10  Siege Tank, Barracks Reactor  
  71  8:12  Barracks, Marine  
  75  8:18  Medivac  
  75  8:19  Supply Depot, Terran Infantry Armor Level 1  
  78  8:25  Engineering Bay  
  78  8:40  Medivac  
  78  8:41  Command Center  
  80  8:46  Marine x2  
  80  8:47  Marine x3  
  85  9:04  Marine  
  85  9:06  Marine  
  85  9:08  Marine  
  84  9:15  Marine x2  
  84  9:17  Medivac  
  86  9:36  Marine  
  86  9:42  Medivac  
  85  9:52  Marine x2, Siege Tank  
  88  9:53  Marine x2  
  92  10:03  Medivac  
  94  10:12  Armory  
  95  10:14  SCV x3  
  95  10:21  Supply Depot  
  97  10:25  Siege Tank  
  97  10:26  SCV  
  82  11:21  Marine x3  
  82  11:22  Marine x2  
  87  11:25  Barracks Reactor  
  87  11:26  Combat Shields  
  87  11:29  Terran Infantry Weapons Level 2, Terran Infantry Armor Level 2  
  87  11:34  SCV  
  88  11:45  Marine x2  
  88  11:46  Marine x3  
  75  12:12  Liberator x2  
  75  12:14  Marine x4  
  75  12:15  Marine x2  
  79  12:17  Marine  
  76  12:28  Barracks  
  79  12:32  Marine x6, Siege Tank  
  79  12:35  Supply Depot, Marine, SCV  
  93  12:46  Refinery  
  93  12:48  Refinery  
  93  12:50  Marine x3  
  96  13:03  Marine x3  
  96  13:04  Marine  
  100  13:13  Marine x3  
  103  13:21  Marine  
  94  13:54  Marine  
  94  13:55  Marine x6  
  83  14:12  Marine x3  
  83  14:13  Marine x3  
  89  14:30  Medivac x2  
Tags
 
Composition
MMM Bio
League
GoldGold
Matchup
TvT
Race
Terran
Add a new tag
Caveats
  • Supply blocks, unpowered buildings, or Contaminate may cause inaccurate times.
  • Supply counts are checked every 10 seconds.